Map: Blueshift LE

Players

MAJE - Winner!

  • Race: Protoss Protoss
  • League: Diamond
  • Spawn Location: 7:00

HIGUMA

  • Race: Terran Terran
  • League: Diamond
  • Spawn Location: 1:00

VOD

Have the link to the VOD?

Description

Time

  • Played on: Dec. 1, 2018, 3:24 a.m.
  • Length: 16:14
Show
View Real Time Build Order
Export as new Build Order

MAJE Protoss - Winner!

Build Orders: 1 Gate Expand, Oracle Opening 

Get SALT Encoding   

  12  0:00  Probe  
  13  0:12  Probe  
  14  0:17  Pylon  
  14  0:24  Probe  
  15  0:32  Probe  
  15  0:40  Probe  
  15  0:41  Gateway  
  16  0:48  Assimilator  
  17  0:51  Probe  
  18  1:03  Probe  
  19  1:15  Probe  
  20  1:27  Probe  
  21  1:35  Nexus  
  21  1:39  Probe  
  22  1:43  Cybernetics Core  
  22  1:49  Assimilator  
  22  1:51  Probe  
  23  1:57  Pylon  
  23  2:21  Stargate  
  23  2:23  Adept  
  23  2:26  Warp Gate  
  24  2:48  Probe x2  
  24  2:49  Stalker  
  28  2:58  Oracle  
  28  3:00  Probe  
  28  3:01  Probe  
  33  3:13  Probe x2  
  33  3:16  Pylon  
  35  3:25  Probe x2  
  39  3:37  Probe x2, Robotics Facility  
  39  3:49  Probe x2  
  39  3:54  Stalker  
  43  4:01  Probe x2  
  45  4:13  Probe x2  
  42  4:25  Probe x2  
  42  4:26  Gateway  
  42  4:28  Gateway  
  42  4:30  Twilight Council  
  42  4:31  Pylon, Observer  
  45  4:34  Sentry  
  45  4:37  Probe x2  
  49  4:39  Shield Battery  
  49  4:41  Pylon  
  49  4:43  Assimilator  
  49  4:47  Assimilator  
  49  4:51  Probe x2  
  51  4:55  Observer  
  52  5:05  Gateway  
  52  5:08  Charge  
  52  5:14  Probe  
  52  5:19  Immortal  
  52  5:20  Nexus  
  57  5:21  Pylon  
  57  5:28  Probe x2  
  59  5:39  Stalker x2  
  59  5:40  Probe x2  
  59  5:41  Stalker  
  59  5:42  Pylon  
  65  6:05  Pylon  
  65  6:06  Stalker, Sentry x2  
  71  6:11  Probe x2  
  73  6:23  Probe x2  
  72  6:30  Zealot x3  
  72  6:31  Blink  
  70  6:43  Probe x2  
  70  6:44  Probe  
  73  6:49  Gateway  
  73  6:50  Gateway  
  73  6:51  Pylon  
  73  6:52  Pylon, Observer, Immortal  
  77  6:55  Sentry x2  
  77  6:56  Stalker x2  
  77  7:00  Observer  
  85  7:02  Robotics Bay, Probe x3  
  88  7:14  Probe  
  88  7:15  Probe x2  
  91  7:19  Assimilator  
  91  7:20  Assimilator  
  91  7:22  Immortal  
  95  7:37  Forge  
  95  7:40  Forge  
  95  7:43  Gateway x2  
  95  7:46  Pylon  
  95  7:49  Zealot  
  95  7:50  Zealot  
  99  7:53  Colossus  
  99  7:54  Extended Thermal Lance  
  99  7:59  Zealot x3  
  99  8:00  Zealot  
  99  8:02  Probe x3  
  116  8:14  Robotics Facility  
  116  8:15  Pylon  
  116  8:16  Pylon, Probe x3  
  119  8:32  Protoss Ground Weapons Level 1, Pylon x2  
  119  8:33  Protoss Ground Armor Level 1  
  119  8:34  Pylon  
  119  8:35  Colossus  
  119  8:36  Stalker x3  
  119  8:37  Stalker  
  133  8:58  Shield Battery  
  133  8:59  Shield Battery  
  133  9:00  Photon Cannon  
  127  9:15  Colossus  
  107  9:18  Zealot  
  107  9:19  Zealot x3  
  107  9:20  Stalker x2, Zealot x2  
  107  9:23  Colossus  
  125  9:34  Gravitic Boosters  
  115  10:00  Probe x2  
  117  10:09  Warp Prism  
  117  10:13  Observer  
  123  10:18  Protoss Ground Weapons Level 2  
  123  10:19  Protoss Ground Armor Level 2  
  120  10:23  Pylon  
  120  10:24  Nexus  
  120  10:26  Pylon x2  
  120  10:27  Gravitic Drive  
  120  10:37  Fleet Beacon  
  120  10:38  Stargate  
  120  10:39  Pylon  
  120  10:42  Pylon  
  120  10:55  Templar Archives  
  120  11:07  Gateway  
  120  11:11  Gateway  
  120  11:13  Zealot x2  
  120  11:14  Zealot x3  
  120  11:15  Stalker x3  
  136  11:37  Photon Cannon x2  
  136  11:39  Photon Cannon  
  130  11:42  Zealot x2  
  130  11:43  Zealot x5  
  118  12:16  Zealot x4  
  118  12:17  Zealot x5  
  108  12:38  Stalker  
  108  12:39  Stalker x2, Zealot x3  
  108  12:40  Zealot x2  
  118  12:46  Colossus x2  
  118  12:51  Assimilator  
  130  12:53  Assimilator  
  130  13:02  High Templar x2  
  130  13:03  High Templar x2  
  130  13:04  Stalker x2  
  130  13:05  Stalker x2  
  146  13:06  Stalker  
  146  13:08  Tempest x2  
  146  13:10  Protoss Ground Weapons Level 3  
  146  13:11  Protoss Ground Armor Level 3  
  148  13:19  Psionic Storm  
  158  13:40  Immortal x2, Zealot x2  
  170  13:47  Tempest x2  
  176  14:05  Protoss Air Weapons Level 1  
  176  14:12  Zealot x4  
  184  14:23  Tempest  
  184  14:24  Oracle  
  155  15:04  Zealot  
  155  15:05  Zealot x2  
  155  15:06  Zealot  
  155  15:07  Stalker x2, Zealot x2  
  163  15:08  Sentry  
  171  15:38  Photon Cannon  
  171  15:40  Shield Battery  
Show
View Real Time Build Order
Export as new Build Order

HIGUMA Terran 

Build Orders:  

Get SALT Encoding   

  12  0:01  SCV  
  13  0:13  SCV  
  14  0:18  Supply Depot  
  14  0:25  SCV  
  15  0:29  Refinery  
  15  0:39  SCV  
  16  0:46  Barracks  
  16  0:51  SCV  
  17  1:03  SCV  
  18  1:16  SCV  
  20  1:34  Reaper  
  20  1:36  Orbital Command  
  20  1:56  Command Center  
  20  2:08  Factory  
  20  2:11  SCV  
  20  2:13  Barracks Reactor  
  21  2:18  Refinery  
  21  2:21  Supply Depot  
  21  2:26  SCV  
  22  2:46  Barracks  
  22  2:48  SCV  
  23  2:54  Factory Tech Lab  
  23  2:55  Barracks  
  23  2:58  Widow Mine  
  25  3:00  Marine, SCV  
  25  3:02  Marine  
  28  3:14  SCV  
  28  3:16  Orbital Command  
  29  3:25  Marine x2  
  31  3:30  Widow Mine  
  31  3:32  SCV  
  34  3:37  Barracks Tech Lab  
  34  3:41  Engineering Bay  
  34  3:43  Marine  
  34  3:45  Barracks Tech Lab  
  34  3:47  SCV  
  36  3:51  SCV  
  37  3:58  Marine  
  37  3:59  Marine, SCV  
  37  4:01  Stimpack  
  40  4:04  Combat Shield  
  39  4:13  SCV  
  39  4:14  SCV  
  39  4:15  Marine x2  
  40  4:18  Terran Infantry Weapons Level 1  
  40  4:24  Marine x2  
  40  4:30  SCV  
  43  4:32  SCV  
  43  4:34  Marine  
  43  4:35  Supply Depot  
  43  4:37  Marine  
  46  4:44  Factory Tech Lab  
  46  4:54  Marine x4, SCV x2  
  52  5:07  Supply Depot, SCV  
  53  5:10  SCV  
  53  5:12  Marine x2  
  53  5:13  Marauder  
  58  5:18  Starport  
  59  5:22  SCV  
  59  5:25  Factory Reactor, Marauder  
  61  5:33  Marine  
  61  5:34  Marauder, Marine  
  65  5:36  SCV  
  65  5:37  SCV  
  67  5:46  Marine  
  67  5:48  SCV  
  69  6:03  Marine x3  
  70  6:05  Marine  
  70  6:11  Supply Depot  
  70  6:14  Medivac x2, Command Center  
  69  6:28  Marine x3  
  69  6:29  Marine  
  67  6:42  SCV x2  
  67  6:45  Siege Tank  
  67  6:46  Marine x4  
  76  6:47  Medivac x2  
  80  6:54  SCV  
  80  6:55  SCV, Terran Infantry Armor Level 1  
  80  7:01  Armory  
  82  7:02  Engineering Bay  
  82  7:06  SCV  
  83  7:09  Missile Turret  
  83  7:14  Ghost Academy  
  83  7:20  SCV x2  
  85  7:23  Refinery  
  85  7:27  Supply Depot  
  86  7:31  Supply Depot  
  86  7:33  Siege Tank  
  88  7:42  Viking  
  90  7:50  Refinery  
  90  7:51  Marine x3  
  91  7:53  Ghost  
  91  7:58  Orbital Command  
  95  8:01  SCV  
  96  8:09  Marine  
  96  8:10  Supply Depot  
  96  8:12  Siege Tank  
  100  8:16  Marauder, Orbital Command  
  100  8:17  Marine  
  103  8:23  SCV x2  
  105  8:33  Marine x2  
  107  8:36  Ghost  
  109  8:45  SCV x2  
  109  8:47  SCV  
  112  8:50  Marine  
  112  8:52  Siege Tank  
  112  8:53  Terran Infantry Weapons Level 2  
  116  8:57  SCV  
  116  8:58  Marine x2  
  107  9:15  Marine x2  
  107  9:16  Marine x2  
  90  9:25  Terran Infantry Armor Level 2  
  90  9:26  SCV x2  
  90  9:28  Barracks, SCV  
  93  9:33  Barracks, Marine x2  
  93  9:34  Marine x2  
  94  9:38  Siege Tank, SCV  
  94  9:41  Supply Depot  
  88  9:50  Liberator x2  
  88  9:51  Marine x2  
  85  9:57  Marine x2  
  86  10:02  SCV x3  
  89  10:08  Marine  
  89  10:09  Marine  
  89  10:12  Terran Ship Weapons Level 1  
  89  10:14  Siege Tank  
  100  10:15  Marauder  
  100  10:18  Barracks Tech Lab  
  100  10:19  Marine x2  
  104  10:25  SCV x3  
  104  10:27  Refinery, Marauder  
  104  10:28  Marine  
  110  10:29  Refinery  
  110  10:36  Marine  
  110  10:37  SCV x2, Starport  
  110  10:38  Barracks Tech Lab  
  113  10:45  Marine x2  
  113  10:48  Marauder  
  113  10:49  Marine  
  118  10:54  Marauder  
  120  11:00  Siege Tank  
  120  11:01  Ghost  
  120  11:03  Marauder, Marine  
  128  11:04  Viking  
  128  11:06  Viking  
  128  11:07  SCV  
  128  11:10  Marine  
  133  11:22  Starport Tech Lab, Marine x2  
  133  11:23  Marauder  
  133  11:24  Marine  
  138  11:28  Marine  
  138  11:31  Marine  
  140  11:40  Marine  
  141  11:49  Liberator, Marine x2  
  141  11:50  Marauder  
  141  11:51  Siege Tank, Marauder  
  141  11:53  Marine  
  139  11:58  Marauder  
  139  11:59  Supply Depot  
  139  12:00  Supply Depot  
  135  12:06  Marine  
  135  12:07  Marauder  
  136  12:10  Marine  
  136  12:11  Ghost  
  136  12:12  Ghost  
  130  12:19  Marine  
  131  12:24  Viking, Marine  
  131  12:28  Marine x2  
  136  12:37  Ghost  
  128  12:40  Marauder, Marine  
  128  12:43  Siege Tank  
  132  12:45  Ghost  
  132  12:47  Marine x2  
  136  12:58  Ghost  
  136  13:01  Ghost  
  140  13:07  Command Center  
  140  13:09  Terran Infantry Weapons Level 3  
  140  13:26  Marine x3, Ghost x2  
  143  13:31  Terran Infantry Armor Level 3  
  143  13:33  Marauder  
  149  13:35  Viking  
  151  13:45  Marauder  
  153  13:49  Supply Depot  
  153  13:53  Marine, Ghost  
  153  13:54  Marine  
  160  13:55  Siege Tank  
  160  13:58  Viking x2  
  164  14:11  Marauder x3  
  164  14:12  Supply Depot  
  164  14:13  Supply Depot  
  170  14:22  Ghost  
  172  14:24  Marine x2  
  174  14:31  Viking, Ghost  
  174  14:32  Marine  
  176  14:45  Marine x3  
  125  14:50  Marine  
  125  14:51  Marine  
  116  14:52  Viking  
  116  14:53  Viking  
  109  15:00  Marine  
  109  15:01  Viking  
  109  15:03  Marine x3  
  115  15:07  Marine  
  115  15:09  Marine  
  117  15:18  Marine  
  117  15:20  Marine  
  117  15:21  Marine  
  118  15:22  Medivac  
  118  15:26  Marine x2  
  118  15:27  Marine  
  122  15:35  Cyclone  
  125  15:36  Medivac, Viking, Marine  
  125  15:38  Marine  
  125  15:40  Marine  
  132  15:43  Ghost  
  132  15:44  Marine x2  
Tags
 
Add a new tag
Caveats
  • Supply blocks, unpowered buildings, or Contaminate may cause inaccurate times.
  • Supply counts are checked every 10 seconds.